 Dungeon Crawl Stone Soup version 0.30-a0-652-gcc886f7154 (webtiles) character file.

Game seed: 14817019305569894905

3 testman the Charlatan (level 1, 0/15 HPs)
             Began as a Demonspawn Artificer on Jan 17, 2023.
             Was a Follower of Okawaru.
             Slain by a kobold
             ... wielding a +0 club
              (1 damage)
             ... on level 1 of the Dungeon.
             The game lasted 00:02:10 (112 turns).

testman the Charlatan (Demonspawn Artificer)         Turns: 112, Time: 00:02:11

Health: 0/15       AC:  4    Str: 12    XL:     1   Next: 41%
Magic:  1/1        EV: 11    Int: 12    God:    Okawaru [*.....]
Gold:   6          SH:  0    Dex: 13    Spells: 0/0 levels left

rFire   . . .      SeeInvis .    f - +0 quarterstaff
rCold   . . .      Faith    .    (shield currently unavailable)
rNeg    . . .      Spirit   .    b - +0 leather armour
rPois   .          Reflect  .    (no helmet)
rElec   .          Harm     .    g - +0 cloak
rCorr   .          Rampage  .    (no gloves)
Will    .....                    (no boots)
Stlth   +                        (no amulet)
HPRegen 0.22/turn                (no ring)
MPRegen 0.07/turn                (no ring)

@: no status effects
A: no striking features
a: Renounce Religion, Heroism


You were on level 1 of the Dungeon.
You worshipped Okawaru.
Okawaru was aware of your devotion.
You visited 1 branch of the dungeon, and saw 1 of its levels.

You collected 6 gold pieces.

Inventory:

Hand Weapons
 f - a +0 quarterstaff (weapon)
 h - a +0 dagger
Armour
 b - a +0 leather armour (worn)
 g - a +0 cloak (worn)
Wands
 c - a wand of flame (15) (quivered)
 d - a wand of charming (15)
 e - a wand of iceblast (5)
Potions
 a - a potion of curing {unknown}


   Skills:
 + Level 1.2 Fighting
 - Level 1.7 Armour
 + Level 1.0 Dodging
 - Level 0.8 Stealth
 + Level 0.3 Invocations
 - Level 3.0 Evocations


You couldn't memorise any spells.
You didn't know any spells.
Your spell library was empty.

Dungeon Overview and Level Annotations

Branches:
Dungeon (1/15)

Altars:
Okawaru


Message History

You kill the goblin!
Okawaru accepts your kill.
A hobgoblin comes into view. It is wielding a +0 whip.
You see here a +0 dagger.
h - a +0 dagger You hit the hobgoblin but do no damage.
The hobgoblin closely misses you.
You sock the hobgoblin!
You kill the hobgoblin!
Okawaru accepts your kill.
No target in view!
Found a robe.
You now have 6 gold pieces.
A quokka comes into view.
Found 7 gold pieces.
Found 11 gold pieces.
A hobgoblin comes into view.
The hobgoblin shouts!
A kobold comes into view. It is wielding a +0 club.
Found a scroll labelled QEASTR HEACYXZU and a short sword.
Found a scroll labelled QEASTR HEACYXZU.
The kobold shouts!
The quokka bites you. x2
You barely miss the quokka.
The quokka bites you but does no damage.
The hobgoblin barely misses you.
You hit the quokka.
The quokka is almost dead.
The quokka closely misses you. The hobgoblin completely misses you.
The quokka bites you.
You closely miss the quokka.
The quokka is almost dead.
The quokka bites you. The hobgoblin hits you.
* * * LOW HITPOINT WARNING * * *
The kobold hits you with a +0 club.
* * * LOW HITPOINT WARNING * * *
The quokka attacks as you move away! The quokka closely misses you.
Found a ring mail.
The quokka closely misses you. The kobold attacks as you move away!
The kobold barely misses you. The kobold attacks as you move away!
The kobold hits you with a +0 club.
You die...

......# ##.#......<......#...
......###..#.#.###.###.#.#.>...
..........#......#.#.............
...........### #.#.#.#.###.......
.............# .[......# .......#
.............###.#.# ### .......#
...............#....
......##.......#.###
########........@..#
#.......Kg.## #........r##
#.........# #..........#
..........[...? ............$...
....$........... ................


You could see a quokka, a hobgoblin and a kobold.

Vanquished Creatures
  An endoplasm (D:1)
  A hobgoblin (D:1)
  A goblin (D:1)
3 creatures vanquished.

Notes
Turn   | Place    | Note
-------+----------+-------------------------------------------
     0 | D:1      | testman the Demonspawn Artificer began the quest for the
                  | Orb.
     0 | D:1      | Reached XP level 1. HP: 15/15 MP: 1/1
    25 | D:1      | Reached skill level 1 in Dodging
    56 | D:1      | Found a faded altar of an unknown god.
    72 | D:1      | Prayed at the altar of an unknown god.
    72 | D:1      | Became a worshipper of Warmaster Okawaru
    72 | D:1      | Reached * piety under Okawaru
   112 | D:1      | Slain by a kobold

Illustrated notes

Levels and vault maps discovered:
D:1:      roderic_chinese_lattice_arrival, layout_rooms, basic_ecumenical_altar,
          solitary_fountain

Skill      XL: |  1 |
---------------+----+-----
Dodging        | 1 |  1.0
Fighting       | |  1.2
Armour         | |  1.7
Stealth        | |  0.8
Invocations    | |  0.3
Evocations     | |  3.0

Action                   || total
-------------------------++-------
Melee: Quarterstaff      ||     7
Armor: Leather armour    ||     1
Dodge: Dodged            ||     7

Table legend: (Time is in decaauts)
 A = Elapsed time spent in this place.
 B = Non-inter-level travel time spent in this place.
 C = Inter-level travel time spent in this place.
 D = Time resting spent in this place.
 E = Time spent auto-exploring this place.
 F = Levels seen in this place.
 G = Mean time per level.
                   A        B        C        D        E       F      G
               +--------+--------+--------+--------+--------+-----+--------+
         Total |    113 |     87 |     26 |      0 |     44 |   1 |  113.0 |
       Dungeon |    113 |     87 |     26 |      0 |     44 |   1 |  113.0 |
               +--------+--------+--------+--------+--------+-----+--------+

Top non-repeatable levels by time:
     D:1: 113 daAuts
